 Dungeon Crawl Stone Soup version 0.29.1-15-g9cfb28693d (webtiles) character file.

Game seed: 13225564581405104335

822 Jabob the Scratcher (level 7, -1/34 HPs)
             Began as a Felid Monk on Feb 26, 2023.
             Killed from afar by a white imp (10 damage)
             ... with a puff of frost
             ... on level 6 of the Dungeon.
             The game lasted 00:16:35 (8978 turns).

Jabob the Scratcher (Felid Monk)                    Turns: 8978, Time: 00:16:36

Health: -1/34      AC:  2    Str:  7    XL:     7   Next: 63%
Magic:  8/8        EV: 21    Int: 13    God:
Gold:   206        SH:  0    Dex: 19    Spells: 6/6 levels left
                                        Lives:  0   Deaths: 2

rFire   . . .      SeeInvis +     - Unarmed
rCold   . . .      Faith    .   (shield unavailable)
rNeg    . . .      Spirit   .   (body armour unavailable)
rPois   .          Reflect  .   (helmet unavailable)
rElec   .          Harm     .   (cloak unavailable)
rCorr   .          Rampage  .   (gloves unavailable)
Will    +....                   (boots unavailable)
Stlth   +++.......              (no amulet)
HPRegen 0.11/turn               (no ring)
MPRegen 0.11/turn               (no ring)

@: quick
A: very small, claws 1, fangs 3, see invisible, speed 1, shaggy fur 2, stealthy
paws, no weapons or thrown items, no armour, multi-lived
a: no special abilities


You were on level 6 of the Dungeon.
You visited 2 branches of the dungeon, and saw 8 of its levels.

You collected 374 gold pieces.
You spent 168 gold pieces at shops.

Inventory:

Jewellery
 i - a +6 ring of intelligence
 j - an amulet of reflection
 o - a ring of positive energy
 u - a ring of poison resistance
Wands
 p - a wand of charming (13)
Scrolls
 d - 5 scrolls of teleportation
 e - a scroll of amnesia
 f - 3 scrolls of noise {unknown}
 l - 2 scrolls of enchant armour {unknown}
 n - 2 scrolls of butterflies {unknown}
 q - a scroll of magic mapping {unknown}
 r - a scroll of immolation {unknown}
 t - a scroll of vulnerability {unknown}
 w - a scroll of fear {unknown}
Potions
 a - 4 potions of flight
 b - a potion of curing
 c - a potion of cancellation
 g - a potion of ambrosia
 h - a potion of might
 k - a potion of invisibility {unknown}
 m - 3 potions of degeneration {unknown}
 s - a potion of brilliance {unknown}
 v - a potion of attraction {unknown}
 x - a potion of mutation {unknown}


   Skills:
 + Level 6.0 Fighting
 - Level 6.4 Dodging
 - Level 6.1 Stealth
 * Level 7.9 Unarmed Combat


You had 6 spell levels left.
You didn't know any spells.
Your spell library contained the following spells:

 Spells                   Type           Power      Damage    Failure   Level
 Shock                    Conj/Air       0%         1d3       30%         1
 Gell's Gravitas          Tloc           0%         N/A       67%         3
 Swiftness                Air            0%         N/A       67%         3
 Teleport Other           Tloc           0%         N/A       67%         3
 Airstrike                Air            0%         2d(0-16)  97%         4
 Animate Dead             Necr           0%         N/A       97%         4
 Borgnjor's Vile Clutch   Necr/Erth      0%         N/A       100%        5
 Death Channel            Necr           0%         N/A       100%        6
 Dispersal                Tloc           0%         N/A       100%        6


Dungeon Overview and Level Annotations

Branches:
Dungeon (7/15)             Temple (1/1) D:6

Altars:
Ashenzari
Cheibriados
Gozag
Hepliaklqana
Kikubaaqudgha
Makhleb
Ru
Sif Muna
Trog
Uskayaw
Xom
Yredelemnul
Zin
The Shining One
Ignis

Shops:
D:3 *   D:5 (

Annotations:
D:1 1 runed translucent door


Innate Abilities, Weirdness & Mutations

You have sharp claws.
You have razor-sharp teeth.
You have supernaturally acute eyesight. (SInv)
You cover ground quickly. (Speed+)
You are covered in thick fur. (AC +2)
Your paws help you pounce on unaware monsters.
You are incapable of wielding weapons or throwing items.
You cannot wear armour.
You gain extra lives every three experience levels.


Message History

The hound misses you.
You claw the hound!
The hound is severely wounded.
The hound closely misses you. The hound bites you.
You miss the hound. You claw the hound. Your bite misses the hound.
The hound is severely wounded.
The hound closely misses you.
You scratch the hound.
You kill the hound!
No target in view!
No target in view!
HP restored.
You now have 206 gold pieces (gained 7).
A white imp is nearby!
An iguana comes into view.
The shadow imp shouts, "Out, out, thou bootless fool-headed pignut!"
The shadow imp gestures at you. You resist with significant effort.
The shadow imp shouts, "Out, out, thou spongy elf-skinned bloater!"
The steam dragon hisses angrily.
You scratch the iguana but do no damage.
The white imp gestures at you. The puff of frost misses you.
The iguana closely misses you.
You scratch the iguana.
The iguana is moderately wounded.
The shadow imp misses you. The iguana misses you.
The white imp gestures at you. The puff of frost misses you.
You barely miss the iguana.
The iguana is moderately wounded.
The shadow imp closely misses you. The white imp gestures at you.
The puff of frost hits you! The iguana completely misses you.
The steam dragon breathes steam at you. The ball of steam hits you!!
Ouch! That really hurt!
* * * LOW HITPOINT WARNING * * *
The white imp gestures at you. The puff of frost hits you!
You die...

######.###..........).####.......
##.#.##.#.#.##.##.###....###
#....#....#.........†.....#
#######.....##.#..#.##.###....#.#
............##.#......## #.#.##.#
............#>...#.#.#####.#.##.#
########....5.5.§...............#
#........§§§#.#.#...##.######
#.....D..§#.@.....#....# #...
#.......#§..#.>.#...#..###.##
...........#.......#..........
##...........#.#.#......###.##
........#.........###..# #.#
........##.#.#.#..###..# #.#
.l.#..####.........##..# #.#
#..#.#........# #<#
.........#.##.## #.#


You could see a white imp and a shadow imp.

Vanquished Creatures
  Eustachio (D:4)
  Edmund (D:4)
  A sky beast (D:6)
  2 ogres
  A centaur (D:5)
  A necrophage (D:5)
  3 bullfrogs (D:7)
  4 hounds
  An orc priest (D:5)
  A jelly (D:6)
  Jessica (D:3)
  3 iguanas (D:5)
  Terence (D:2)
  4 orc wizards
  Robin (D:3)
  7 adders
  A white imp (D:6)
  3 worms
  6 dart slugs
  10 orcs
  5 ball pythons
  6 endoplasms
  3 giant cockroaches
  11 hobgoblins
  8 jackals
  3 quokkas
  7 bats
  4 frilled lizards
  15 goblins
  9 kobolds
  4 rats
128 creatures vanquished.

Vanquished Creatures (others)
  4 plants (D:5)
4 creatures vanquished.

Grand Total: 132 creatures vanquished

Notes
Turn   | Place    | Note
-------+----------+-------------------------------------------
     0 | D:1      | Jabob the Felid Monk began the quest for the Orb.
     0 | D:1      | Reached XP level 1. HP: 10/10 MP: 2/2
     1 | D:1      | Found a runed translucent door.
   161 | D:1      | Found a faded altar of an unknown god.
   173 | D:1      | Reached XP level 2. HP: 13/14 MP: 3/3
   969 | D:1      | Reached XP level 3. HP: 11/17 MP: 4/4
  1608 | D:2      | Found a glowing silver altar of Zin.
  1746 | D:2      | Noticed Terence
  1763 | D:2      | Killed Terence
  1764 | D:2      | Reached XP level 4. HP: 20/21 MP: 5/5
  1817 | D:2      | Reached skill level 4 in Unarmed Combat
  2486 | D:3      | Noticed Jessica
  2574 | D:3      | Killed Jessica
  2580 | D:3      | Reached XP level 5. HP: 19/25 MP: 6/6
  2777 | D:3      | Reached skill level 5 in Dodging
  3122 | D:3      | Noticed Robin
  3492 | D:4      | Noticed an ogre
  3586 | D:3      | Killed Robin
  3780 | D:3      | Found Hutapp's General Store.
  3794 | D:3      | Bought a potion of ambrosia for 96 gold pieces
  3794 | D:3      | Bought a potion of curing for 36 gold pieces
  3794 | D:3      | Bought a scroll of teleportation for 36 gold pieces
  4411 | D:4      | Noticed Edmund
  4540 | D:4      | Noticed Eustachio
  4997 | D:4      | Noticed a steam dragon
  5449 | D:5      | Entered Level 5 of the Dungeon
  5462 | D:5      | Gained mutation: You are covered in thick fur. (AC +2)
                  | [Felid growth]
  5462 | D:5      | Reached XP level 6. HP: 4/28 MP: 7/7
  5785 | D:5      | Reached skill level 5 in Stealth
  5785 | D:5      | Reached skill level 5 in Unarmed Combat
  6144 | D:5      | Reached XP level 7. HP: 33/33 MP: 8/8
  6634 | D:5      | Found Wyhif's Weapon Emporium.
  6976 | D:4      | Slain by an ogre
  6977 | D:4      | Reached XP level 6. HP: -4/29 MP: 7/7
  7002 | D:4      | Reached skill level 6 in Unarmed Combat
  7102 | D:4      | Killed Eustachio
  7103 | D:4      | Reached skill level 5 in Fighting
  7103 | D:4      | Reached XP level 7. HP: 20/33 MP: 8/8
  7270 | D:4      | Slain by Edmund
  7271 | D:4      | Reached XP level 6. HP: -1/30 MP: 0/7
  7305 | D:4      | Killed Edmund
  8106 | D:6      | Found a staircase to the Ecumenical Temple.
  8126 | Temple   | Entered the Ecumenical Temple
  8208 | D:6      | Reached skill level 7 in Unarmed Combat
  8209 | D:6      | Noticed a sky beast
  8233 | D:7      | Reached XP level 7. HP: 26/33 MP: 8/8
  8421 | D:6      | Noticed a steam dragon
  8712 | D:7      | Found a bloodstained altar of Trog.
  8978 | D:6      | Killed from afar by a white imp

Illustrated notes

Levels and vault maps discovered:
D:1:      dpeg_arrival_caged_fury, layout_rooms, nicolae_ecumenical_lake_church,
          minmay_box_of_dots
D:2:      layout_basic, basic_altar, minmay_fractal_squares_gapless_5,
          uniq_terence
D:3:      layout_basic, serial_shops, nicolae_shop_stone, uniq_jessica,
          uniq_robin
D:4:      layout_rooms, kennysheep_donut, lightli_corner_chamber, uniq_edmund,
          uniq_eustachio
D:5:      layout_basic, serial_bayou, serial_bayou_crossing,
          serial_bayou_pond_e, serial_bayou_pond_a, serial_bayou_lake_a,
          serial_shops, shop, minmay_circle_x
D:6:      minmay_skewed_foursquare, layout_loops_ring,
          minmay_temple_entry_sparse_star, minmay_bent
D:7:      layout_rooms, mainiacjoe_overflow_tiny_flanked, grunt_qazlal_clouds,
          minivault_1
Temple:   pdpol_scorched_temple

Skill      XL: |  1  2  3  4  5  6  7 |
---------------+----------------------+-----
Stealth        | 3 4 6 |  6.1
Unarmed Combat | 4 7 |  7.9
Dodging        | 5 6 |  6.4
Fighting       | 4 5 6 |  6.0

Action                   |  1- 3 |  4- 6 |  7- 9 || total
-------------------------+-------+-------+-------++-------
Melee: Unarmed           |    78 |   225 |    93 ||   396
       Bite              |     5 |    17 |     7 ||    29
       Punch             |     1 |    12 |     5 ||    18
  Use: Potion            |     3 |     1 |     2 ||     6
       Scroll            |     1 |     6 |     2 ||     9
 Stab: Sleeping          |    14 |    18 |     2 ||    34
       Distracted        |       |     1 |       ||     1
Armor: Skin              |     2 |     6 |     4 ||    12
Dodge: Dodged            |    40 |   157 |    76 ||   273
